 Dungeon Crawl Stone Soup version 0.31.0-11-ge490571c62 (webtiles) character file.

Game seed: 10411179783875003318

142 mopl the Slasher (level 5, 0/42 HPs)
             Began as a Merfolk Fighter on Jan 31, 2024.
             Killed from afar by Eustachio (4 damage)
             ... with a puff of flame
             ... on level 4 of the Dungeon.
             The game lasted 00:02:25 (2619 turns).

mopl the Slasher (Merfolk Fighter)                  Turns: 2619, Time: 00:02:25

Health: 0/42       AC:  6    Str: 18    XL:     5   Next: 25%
Magic:  5/5        EV: 10    Int: 13    God:
Gold:   155        SH:  5    Dex: 14    Spells: 4/4 levels left

rFire   . . .        a - +0 long sword
rCold   . . .        c - +0 buckler
rNeg    . . .        b - +0 scale mail
rPois   .            (no helmet)
rElec   .            (no cloak)
rCorr   .            (no gloves)
SInv    .            (no boots)
Will    .....        s - amulet of regeneration Stlth
                     o - +6 ring of intelligence
HPRegen 1.07/turn    (no ring)
MPRegen 0.09/turn

%: no passive effects
@: no status effects
A: (nimble swimmer 2), mertail
a: no special abilities


You were on level 4 of the Dungeon.
You visited 1 branch of the dungeon, and saw 4 of its levels.

You collected 155 gold pieces.

Inventory:

Hand Weapons
 a - a +0 long sword (weapon)
Armour
 b - a +0 scale mail (worn)
 c - a +0 buckler (worn)
Jewellery
 o - a +6 ring of intelligence (left hand)
 s - an amulet of regeneration (around neck)
Scrolls
 e - a scroll of poison {unknown}
 f - a scroll of noise {unknown}
 g - 4 scrolls of teleportation
 j - 3 scrolls of identify {unknown}
 l - a scroll of enchant weapon {unknown}
 m - 2 scrolls of blinking {unknown}
 n - 2 scrolls of fog {unknown}
 p - a scroll of immolation {unknown}
 q - a scroll of butterflies {unknown}
 r - a scroll of amnesia {unknown}
Potions
 d - a potion of might
 h - 2 potions of curing {unknown}
 i - a potion of mutation {unknown}
 k - 3 potions of heal wounds {unknown}


   Skills:
 + Level 4.0 Fighting
 * Level 4.4 Long Blades
 + Level 2.7 Armour
 + Level 2.6 Dodging
 - Level 3.0 Shields


You had 4 spell levels left.
You didn't know any spells.
Your spell library was empty.

Dungeon Overview and Level Annotations

Branches:
Dungeon (4/15)
 Temple: D:4-7

Altars:
Kikubaaqudgha

Annotations:
D:4 Eustachio


Innate Abilities, Weirdness & Mutations

((You are very nimble when in or above water. (Stealth+, EV+, Speed+++)))
Your lower body shifts to a powerful aquatic tail in water.


Message History

Eustachio freezes you.
* * * LOW HITPOINT WARNING * * *
The iron imp closely misses you.
Eustachio hits you with a +1 rapier of freezing.
* * * LOW HITPOINT WARNING * * *
Eustachio freezes you.
* * * LOW HITPOINT WARNING * * *
You hit Eustachio but do no damage.
Eustachio is almost dead.
The iron imp barely misses you.
Eustachio casts a spell.
Unknown command.
Unknown command.
You hit Eustachio but do no damage.
Eustachio is almost dead.
The bat hits you but does no damage. The iron imp hits you.
* * * LOW HITPOINT WARNING * * *
Eustachio casts a spell.
Eustachio blinks!
Unknown command.
You closely miss Eustachio.
Eustachio is almost dead.
The bat barely misses you. The bat hits you but does no damage.
You block the iron imp's attack.
Eustachio zaps a wand.
The puff of flame misses you.
The puff of flame misses the rat.
The rat barely misses you. The river rat barely misses you.
Unknown command.
You closely miss Eustachio.
Eustachio is almost dead.
The bat barely misses you. The bat hits you but does no damage.
Eustachio hits you with a +1 rapier of freezing.
* * * LOW HITPOINT WARNING * * *
Eustachio freezes you.
* * * LOW HITPOINT WARNING * * *
You block the rat's attack. The river rat barely misses you.
You block the iron imp's attack.
Eustachio says, "Summoning is fun!"
Eustachio zaps a wand.
The puff of flame hits you.
You die...
Eustachio twirls his moustache.

.......#########....####.........
##.....# #.#.## ##.......#
#..##.# #.### ##.....## #.. #.#
#.# ##...## #.. #.# #.# ####'##
#. #.# ##.## #.....# #@ #.#
##...## #.##..# ##..@b.##
#.##..### #..5@r..#####.#...#..
#...r....)).........#
#.......#####.#...### ##.....##
#.....# ##...## ####.## ##### #.#
#.# .# .#


You could see Eustachio, an iron imp (summoned), a river rat (summoned), a bat
(summoned) and a rat (summoned).

Vanquished Creatures
  An orc wizard (D:4)
  3 adders
  2 gnolls (D:1)
  2 dart slugs
  4 orcs
  4 bats
  7 endoplasms
  6 giant cockroaches
  5 goblins
  3 hobgoblins
  2 kobolds
  3 quokkas (D:1)
  11 ball pythons
  2 frilled lizards
  8 rats
63 creatures vanquished.

Notes
Turn   | Place    | Note
-------+----------+-------------------------------------------
     0 | D:1      | mopl the Merfolk Fighter began the quest for the Orb.
     0 | D:1      | Reached XP level 1. HP: 18/18 MP: 1/1
    31 | D:1      | Reached XP level 2. HP: 8/24 MP: 2/2
    37 | D:1      | Reached skill level 1 in Dodging
   135 | D:1      | Reached XP level 3. HP: 27/29 MP: 3/3
  1114 | D:2      | Reached XP level 4. HP: 35/37 MP: 4/4
  2051 | D:3      | Found an ancient bone altar of Kikubaaqudgha.
  2516 | D:4      | Reached XP level 5. HP: 37/42 MP: 5/5
  2559 | D:4      | Noticed Eustachio
  2619 | D:4      | Killed from afar by Eustachio

Illustrated notes

Levels and vault maps discovered:
D:1:      dpeg_arrival_simpleton_c, layout_loops_corners, st_stairs_11,
          minmay_misc_feat_secret_circle, roderic_lattice_a
D:2:      layout_loops_ring
D:3:      layout_loops_cross, kiku_gazebo_garden_becter
D:4:      layout_loops_corners, uniq_eustachio, uniq_grinder

Skill      XL: |  1  2  3  4 |
---------------+-------------+-----
Dodging        | 1 2 |  2.6
Long Blades    | 3 4 |  4.4
Fighting       | 4 |  4.0
Armour         | |  2.7
Shields        | |  3.0

Action                     |  1- 3 |  4- 6 || total
---------------------------+-------+-------++-------
  Melee: Long sword        |    86 |   112 ||   198
    Use: Scroll            |       |     1 ||     1
 Armour: Scale mail        |    56 |    76 ||   132
  Dodge: Dodged            |    35 |    57 ||    92
  Block: Buckler           |    23 |    34 ||    57
